 Dungeon Crawl Stone Soup version 0.26-a0-778-g3fe0686644 (webtiles) character file.

Game seed: 1110511517840206880

27 ooooo the Caller (level 2, -1/12 HPs)
             Began as a Felid Summoner on Nov 9, 2020.
             Slain by a leopard gecko (2 damage)
             ... on level 2 of the Dungeon.
             The game lasted 00:02:34 (1444 turns).

ooooo the Caller (Felid Summoner)                   Turns: 1444, Time: 00:02:34

Health: -1/12      AC:  1    Str:  4    XL:     2   Next: 93%
Magic:  4/6        EV: 18    Int: 12    God:
Gold:   11         SH:  0    Dex: 16    Spells: 2/5 levels left
                                        Lives:  0   Deaths: 0

rFire    . . .     SeeInvis +   (weapon unavailable)
rCold    . . .     Faith    .   (shield unavailable)
rNeg     . . .     Spirit   .   (armour unavailable)
rPois    .         Reflect  .   (helmet unavailable)
rElec    .         Harm     .   (cloak unavailable)
rCorr    .         Rampage  .   (gloves unavailable)
MR       .....                  (boots unavailable)
Stlth    +++.......             (no amulet)
HPRegen  0.04/turn              f - -4 ring of intelligence (curse)
MPRegen  0.10/turn              i - ring of see invisible

@: quick
A: very small, no armour, no weapons or thrown items, stealth, claws 1, fangs 3,
see invisible, speed 1, shaggy fur 1, sharp paws
a: no special abilities


You were on level 2 of the Dungeon.
You visited 1 branch of the dungeon, and saw 2 of its levels.

You collected 11 gold pieces.

Inventory:

Jewellery
 f - a cursed -4 ring of intelligence (left paw)
 i - a ring of see invisible (right paw)
Scrolls
 a - 2 scrolls of fog
Potions
 d - a potion of flight
 e - a potion of curing {unknown}
 h - a potion of resistance {unknown}


   Skills:
 + Level 0.8 Fighting
 + Level 3.1 Dodging
 + Level 3.0 Stealth
 + Level 0.9 Unarmed Combat
 + Level 2.2 Spellcasting
 + Level 4.1 Summonings


You had 2 spell levels left.
You knew the following spells:

 Your Spells              Type           Power        Failure   Level
a - Summon Small Mammal   Summ           ##..         4%          1
b - Call Imp              Summ           ##......     8%          2

Your spell library contained the following spells:

 Spells                   Type           Power        Failure   Level
 Call Canine Familiar     Summ           ##......     14%         3
 Summon Guardian Golem    Hex/Summ       #.......     34%         3
 Summon Ice Beast         Ice/Summ       #.......     75%         4
 Summon Lightning Spire   Summ/Air       #.......     75%         4


Dungeon Overview and Level Annotations

Branches:
Dungeon (2/15)

Altars:


Innate Abilities, Weirdness & Mutations

You cannot wear armour.
You are incapable of wielding weapons or throwing items.
Your paws allow you to move quietly. (Stealth)
You have sharp claws.
You have razor-sharp teeth.
You have supernaturally acute eyesight. (SInv)
You cover ground quickly.
You are covered in fur. (AC +1)
Your sharp claws are effective at attacking unaware monsters.


Message History

The leopard gecko misses you.
You closely miss the leopard gecko. The leopard gecko misses you.
You closely miss the leopard gecko.
The leopard gecko closely misses you. x2
You completely miss the leopard gecko. The leopard gecko closely misses you.
You miss the leopard gecko. The leopard gecko bites you.
* * * LOW HITPOINT WARNING * * *
You scratch the leopard gecko but do no damage.
The leopard gecko misses you.
Casting: Summon Small Mammal (safe; 4% risk of failure)
Confirm with . or Enter, or press ? or * to list all spells.
The leopard gecko misses you.
Your bat barely misses the leopard gecko.
Casting: Summon Small Mammal (safe; 4% risk of failure)
Confirm with . or Enter, or press ? or * to list all spells.
Your bat hits the leopard gecko but does no damage.
Your bat hits the leopard gecko. The leopard gecko misses you.
You swap places.
Your bat hits the leopard gecko.
Your bat barely misses the leopard gecko.
The leopard gecko bites you.
You die...

*#..* ####..###.≈≈≈≈≈, *,..*
#..# #....,,, *,#.######.##
*,≈≈≈≈≈, **,#.........#
*,≈***≈, *,,#.........# *,≈*
*≈, *,*#.........# *,≈***≈,
*,*#...b.!...# *,≈≈≈≈≈,
##,*#.bl......##*,,,,,,,
#.,*#..@.........,,,,,,,
#.**#.........###**,,,,,
*#####.###.........#*,,,,,,,,
**....................,***,,,,
**,..................###***,,,,
*,,.............##.>## *,,,,,,,
*,,.............#,.##***,**,,,,
*,,.............#.g.,,,,,*,,,,,
*,,...............,,.,,,,,,,,,,


You could see a leopard gecko and 2 friendly bats.

Vanquished Creatures
  An adder (D:2)
  A leopard gecko (D:1)
  A giant cockroach (D:1)
  A goblin (D:2)
  A hobgoblin (D:1)
  3 kobolds
  5 bats
  A frilled lizard (D:1)
14 creatures vanquished.

Vanquished Creatures (collateral kills)
  A giant cockroach (D:1)
  A hobgoblin (D:1)
  2 bats (D:1)
4 creatures vanquished.

Grand Total: 18 creatures vanquished

Notes
Turn   | Place    | Note
-------+----------+-------------------------------------------
     0 | D:1      | ooooo the Felid Summoner began the quest for the Orb.
     0 | D:1      | Reached XP level 1. HP: 7/7 MP: 4/4
   261 | D:1      | Reached XP level 2. HP: 2/12 MP: 1/6
   596 | D:1      | Learned a level 2 spell: Call Imp
  1444 | D:2      | Slain by a leopard gecko

Illustrated notes

Levels and vault maps discovered:
D:1:      dpeg_arrival_erosion, layout_basic
D:2:      layout_rooms, kennysheep_boxes

Skill      XL: |  1  2 |
---------------+-------+-----
Dodging        | 3 |  3.1
Stealth        | 3 |  3.0
Fighting       | |  0.8
Unarmed Combat | |  0.9
Spellcasting   | |  2.2
Summonings     | |  4.1

Action                   || total
-------------------------++-------
Melee: Unarmed           ||    76
       Bite              ||     4
 Cast: Summon Small Mamm ||    10
  Use: Scroll            ||     4
 Stab: Sleeping          ||     5
Armor: Skin              ||     4
Dodge: Dodged            ||    71

Table legend: (Time is in decaauts)
 A = Elapsed time spent in this place.
 B = Non-inter-level travel time spent in this place.
 C = Inter-level travel time spent in this place.
 D = Time resting spent in this place.
 E = Time spent auto-exploring this place.
 F = Levels seen in this place.
 G = Mean time per level.
                   A        B        C        D        E       F      G
               +--------+--------+--------+--------+--------+-----+--------+
         Total |   1311 |   1289 |     22 |    628 |    446 |   2 |  655.5 |
       Dungeon |   1311 |   1289 |     22 |    628 |    446 |   2 |  655.5 |
               +--------+--------+--------+--------+--------+-----+--------+

Top non-repeatable levels by time:
     D:1: 1204 daAuts
     D:2: 106 daAuts
